 Dungeon Crawl Stone Soup version 0.25-a0-108-gda8bd6cf83 (webtiles) character file.

Game seed: 4430358699111558230, levelgen mode: deterministic

113 mortelune the Skirmisher (level 4, -6/38 HPs)
             Began as a Demonspawn Wanderer on Nov 17, 2019.
             Splashed by an orc's acid (9 damage)
             ... on level 3 of the Dungeon.
             The game lasted 00:05:05 (2380 turns).

mortelune the Skirmisher (Demonspawn Wanderer)      Turns: 2380, Time: 00:05:05

Health: -6/38      AC:  4    Str: 12    XL:     4   Next: 65%
Magic:  4/4        EV: 10    Int: 14    God:
Gold:   74         SH:  0    Dex: 13    Spells: 3/3 levels left

rFire    . . .     SeeInvis .   a - +0 spear
rCold    . . .     Gourm    .   (no shield)
rNeg     . . .     Faith    .   o - +1 scale mail
rPois    .         Spirit   .   (no helmet)
rElec    .         Reflect  .   (no cloak)
rCorr    .         Harm     .   (no gloves)
MR       .....                  i - +0 pair of boots
Stlth    ..........             (no amulet)
HPRegen  0.12/turn              (no ring)
MPRegen  0.09/turn              (no ring)

@: corroded
A: repulsion field 1, spiny 1
a: no special abilities


You were on level 3 of the Dungeon.
You were not hungry.

You visited 1 branch of the dungeon, and saw 3 of its levels.

You collected 74 gold pieces.

Inventory:

Hand Weapons
 a - a +0 spear (weapon)
 b - a +0 hunting sling
Missiles
 m - 104 stones (quivered)
Armour
 d - a +0 robe
 i - a +0 pair of boots (worn)
 o - a +1 scale mail (worn)
Scrolls
 e - a scroll of identify
 g - a scroll of magic mapping {unknown}
 h - 2 scrolls of teleportation
 k - a scroll of enchant weapon {unknown}
 n - a scroll of immolation
 p - 3 scrolls of enchant armour
 r - 2 scrolls of remove curse
Potions
 j - a potion of curing
 l - a potion of lignification
Miscellaneous
 c - a box of beasts
Comestibles
 f - 6 rations
 q - 4 chunks of flesh


   Skills:
 + Level 4.5 Fighting
 * Level 4.0 Polearms
 + Level 1.6 Armour
 - Level 1.0 Stealth
   Level 1.0 Shields
 - Level 1.0 Evocations


You had 3 spell levels left.
You didn't know any spells.
Your spell library was empty.

Dungeon Overview and Level Annotations

Branches:
Dungeon (3/15)

Altars:


Innate Abilities, Weirdness & Mutations

You are surrounded by a mild repulsion field. (EV +2)
You are partially covered in sharp spines.


Message History

You see here an adder skeleton. x2
Found a stone staircase leading down.
p - 3 scrolls of enchant armour (gained 1)
Found a stone staircase leading up.
Found 14 arrows.
Found a stone staircase leading down.
Found an escape hatch in the floor.
f - 6 rations (gained 1)
Found a chain mail.
An orc comes into view. It is wielding a +0 morningstar.
An orc comes into view.
It is wielding a +0 mace and carrying a wand of acid (9).
Some of the chunks of flesh in your inventory have rotted away.
The orc shouts!
The orc drinks a potion.
The orc seems to speed up.
An orc comes into view. It is wielding a +0 whip.
A goblin comes into view.
The orc zaps a wand.
The bolt of acid hits you.
You are splashed with acid!
The orc zaps a wand.
The bolt of acid hits you!
* * * LOW HITPOINT WARNING * * *
The acid corrodes you!
You are splashed with acid!
You die...

÷.# ).# ..# .)##########.
#.)).......#. #÷)###.)...#.#
####### ##.÷.#........###
###.......
####.......#....###.......##
........####....@....o......
........####....##..........
..........##.........o......
............................
........#.##.............[.g
........#.##....####....^...
........#.##.........#......
........#..##..#.####..#...o
#####.####.......# .###...


You could see 2 orcs.

Vanquished Creatures
  An orc wizard (D:3)
  2 adders
  3 dart slugs
  4 orcs (D:3)
  A giant cockroach (D:1)
  13 goblins
  4 hobgoblins
  4 jackals (D:1)
  A quokka (D:3)
  8 bats
  3 frilled lizards
  A jackal zombie (D:3)
  7 kobolds
  13 rats
65 creatures vanquished.

Notes
Turn   | Place    | Note
-------+----------+-------------------------------------------
     0 | D:1      | mortelune the Demonspawn Wanderer began the quest for the
                  | Orb.
     0 | D:1      | mortelune set off with the following items: a +0 spear, a
                  | potion of lignification, a box of beasts, a +0 robe, a
                  | ration
     0 | D:1      | Reached XP level 1. HP: 19/19 MP: 1/1
   102 | D:1      | Gained mutation: You are surrounded by a mild repulsion
                  | field. (EV +2) [demonic ancestry]
   102 | D:1      | Reached XP level 2. HP: 19/25 MP: 2/2
   691 | D:1      | Reached skill level 1 in Armour
   709 | D:1      | Reached XP level 3. HP: 30/30 MP: 3/3
  1793 | D:2      | Noticed an ogre
  2078 | D:3      | Gained mutation: You are partially covered in sharp spines.
                  | [demonic ancestry]
  2078 | D:3      | Reached XP level 4. HP: 33/38 MP: 4/4
  2380 | D:3      | Splashed by an orc's acid

Levels and vault maps discovered:
D:1:      elethiomel_arrival_diamonds, layout_loops_ring
D:2:      layout_basic, first_ration, hangedman_decor_diamond_cutter
D:3:      layout_rooms, uniq_crazy_yiuf_cottage

Skill      XL: |  1  2  3  4 |
---------------+-------------+-----
Polearms       | 3 4 |  4.0
Armour         | 1 |  1.6
Fighting       | |  4.5
Stealth        | |  1.0
Shields        | |  1.0
Evocations     | |  1.0

Action                   |  1- 3 |  4- 6 || total
-------------------------+-------+-------++-------
Melee: Spear             |   164 |    46 ||   210
 Fire: Hunting sling     |    12 |       ||    12
  Use: Scroll            |     7 |       ||     7
 Stab: Sleeping          |     1 |       ||     1
  Eat: Chunk             |     4 |     1 ||     5
Armor: Robe              |     5 |       ||     5
       Scale mail        |    33 |    17 ||    50
Dodge: Dodged            |    71 |    24 ||    95

Table legend:
 A = Non-vault XP
 B = Vault XP
 C = Vault XP percentage of total XP
 D = Non-vault monster count
 E = Vault monster count
 F = Vault count percentage of total count
                 A         B        C        D         E       F
            +---------+---------+-------+---------+---------+-------
      Total |     154 |       8 |   4.9 |      58 |       7 |  10.8
            +---------+---------+-------+---------+---------+-------
        D:1 |      45 |       8 |  15.1 |      27 |       7 |  20.6
        D:2 |      31 |       0 |   0.0 |      13 |       0 |   0.0
        D:3 |      78 |       0 |   0.0 |      18 |       0 |   0.0
            +---------+---------+-------+---------+---------+-------
